 Dungeon Crawl Stone Soup version 0.29.1-12-g30fa7ad0bf (webtiles) character file.

Game seed: 5341455401813353754

17 CaptainMV the Chucker (level 2, 0/21 HPs)
             Began as a Human Wanderer on Dec 13, 2022.
             Succumbed to an adder's poison
             ... on level 2 of the Dungeon.
             The game lasted 00:03:47 (298 turns).

CaptainMV the Chucker (Human Wanderer)               Turns: 298, Time: 00:03:47

Health: 0/21       AC:  4    Str: 13    XL:     2   Next: 80%
Magic:  2/2        EV: 11    Int: 11    God:
Gold:   4          SH:  0    Dex: 12    Spells: 1/1 levels left

rFire   . . .      SeeInvis .   a - +2 dagger
rCold   . . .      Faith    .   (no shield)
rNeg    . . .      Spirit   .   f - +0 leather armour
rPois   .          Reflect  .   d - +0 helmet
rElec   .          Harm     .   (no cloak)
rCorr   .          Rampage  .   (no gloves)
Will    .....                   (no boots)
Stlth   +.........              (no amulet)
HPRegen 0.07/turn               (no ring)
MPRegen 0.08/turn               (no ring)

@: lethally poisoned (0 -> -2), hasted, very quick
A: no striking features
a: no special abilities


You were on level 2 of the Dungeon.
You visited 1 branch of the dungeon, and saw 2 of its levels.

You collected 4 gold pieces.

Inventory:

Hand Weapons
 a - a +2 dagger (weapon)
 c - a +0 short sword
Missiles
 b - a curare-tipped dart (quivered)
Armour
 d - a +0 helmet (worn)
 f - a +0 leather armour (worn)
Scrolls
 e - a scroll of fear
 i - a scroll of brand weapon {unknown}
 j - 2 scrolls of identify {unknown}
 k - a scroll of enchant armour {unknown}
Potions
 h - a potion of lignification {unknown}
 l - a potion of degeneration {unknown}


   Skills:
 + Level 1.0 Fighting
 + Level 2.1 Short Blades
 + Level 3.3 Throwing
 + Level 2.2 Dodging
 + Level 2.2 Evocations


You had one spell level left.
You didn't know any spells.
Your spell library was empty.

Dungeon Overview and Level Annotations

Branches:
Dungeon (2/15)

Altars:


Message History

The adder is heavily wounded.
You hear an angry hiss.
The adder misses you. The adder barely misses you.
You hit the adder.
You kill the adder!
j - 2 scrolls labelled HAOPPU ADEUR (gained 1)
An adder comes into view.
You see here an adder corpse.
The adder hisses angrily.
You hit the hobgoblin.
The hobgoblin is heavily wounded.
The hobgoblin hits you but does no damage.
You hit the hobgoblin.
The hobgoblin is almost dead.
The hobgoblin hits you but does no damage.
You miss the adder. The adder bites you. The hobgoblin barely misses you.
You barely miss the hobgoblin.
The hobgoblin is almost dead.
The adder bites you. The hobgoblin hits you.
You barely miss the hobgoblin.
The hobgoblin is almost dead.
The adder barely misses you. The hobgoblin hits you. The adder bites you.
You barely miss the hobgoblin.
The hobgoblin is almost dead.
The hobgoblin hits you but does no damage.
The adder bites you.
* * * LOW HITPOINT WARNING * * *
You are poisoned.
The adder poisons you!
You hit the hobgoblin.
You kill the hobgoblin!
* * * LOW HITPOINT WARNING * * *
You feel sick. The adder bites you.
* * * LOW HITPOINT WARNING * * *
You hit the adder.
The adder is moderately wounded.
* * * LOW HITPOINT WARNING * * *
You feel sick. The adder bites you but does no damage.
It was a potion of haste.
You feel yourself speed up.
You die...

##########
...#.....##
..........##
.......>...#
...........#
...........#
......S....#
......$@†..#
..........##
..$......##
###.####..####
# ##..).##
##....#
####.#..#
#.......#
#.###.#...#


You could see an adder.

Vanquished Creatures
  An adder (D:2)
  A bat (D:2)
  2 endoplasms (D:2)
  2 hobgoblins (D:2)
  A ball python (D:2)
  A frilled lizard (D:2)
8 creatures vanquished.

Notes
Turn   | Place    | Note
-------+----------+-------------------------------------------
     0 | D:1      | CaptainMV the Human Wanderer began the quest for the Orb.
     0 | D:1      | CaptainMV set off with the following items: a +2 dagger, a
                  | curare-tipped dart, a +0 short sword, a +0 helmet, a scroll
                  | of fear, a +0 leather armour.
     0 | D:1      | Reached XP level 1. HP: 15/15 MP: 1/1
   102 | D:2      | Reached XP level 2. HP: 11/21 MP: 2/2
   297 | D:2      | HP: 1/21 [poisoned by an adder]
   298 | D:2      | Succumbed to an adder's poison

Illustrated notes

Levels and vault maps discovered:
D:1:      lemuel_arrival_river_ford, layout_basic,
          shapermc_ecumenical_altar_mp_urbaneastern
D:2:      minmay_skewed_foursquare, layout_rooms, basic_altar,
          grunt_ministairs_4

Action                   || total
-------------------------++-------
Melee: Dagger            ||    27
Throw: Dart              ||     1
  Use: Potion            ||     1
Armor: Leather armour    ||    11
Dodge: Dodged            ||    12
